 Dungeon Crawl Stone Soup version 0.27.1-33-g824d729ab1 (webtiles) character file.

Game seed: 2781707830466131211

203329 McKennaii the Eclecticist (level 17, -8/111 HPs)
             Began as a Demigod Conjurer on Dec 5, 2021.
             Mangled by a white draconian knight (34 damage)
             ... in an ice cave.
             The game lasted 01:43:09 (46553 turns).

McKennaii the Eclecticist (Demigod Conjurer)       Turns: 46553, Time: 01:43:10

Health: -8/111     AC: 11    Str: 10 (11) XL:     17   Next: 36%
Magic:  3/44       EV: 12    Int: 40      God:
Gold:   735        SH:  5    Dex: 17      Spells: 11/51 levels left

rFire    + . .     SeeInvis .   X - staff of earth
rCold    + . .     Faith    .   J - +0 buckler
rNeg     . . .     Spirit   .   Y - +0 steam dragon scales
rPois    +         Reflect  .   v - +1 helmet
rElec    .         Harm     .   (no cloak)
rCorr    +         Rampage  +   D - +2 pair of gloves {Str+3}
Will     +....                  r - +0 pair of boots {rampage}
Stlth    ++++......             t - amulet of Brawling {RegenMP rPois Dex+5}
HPRegen  0.28/turn              n - ring of protection from cold
MPRegen  0.54/turn              o - ring of Kuenej {rPois rF+ rCorr}

@: no status effects
A: high mp 1, forlorn
}: 1/15 runes: gossamer
a: no special abilities


You were in an ice cave.
You visited 5 branches of the dungeon, and saw 28 of its levels.
You visited the Abyss 1 time.
You also visited: Ice Cave.

You collected 2363 gold pieces.
You spent 1628 gold pieces at shops.

Inventory:

Hand Weapons
 Z - a +1 demon trident of electrocution
Armour
 l - a +2 tower shield
 q - +0 fire dragon scales
 r - a +0 pair of boots of rampaging (worn)
 v - a +1 helmet (worn)
 D - a +2 pair of gloves of strength (worn)
 J - a +0 buckler (worn)
 Y - +0 steam dragon scales (worn)
Magical Staves
 d - a staff of air
 y - a staff of fire
 X - a staff of earth (weapon)
Jewellery
 f - a ring of see invisible
 n - a ring of protection from cold (left hand)
 o - the ring of Kuenej (right hand) {rPois rF+ rCorr}
   (You acquired it on level 3 of the Spider Nest)

   [ring of resist corrosion]

   rF:        It protects you from fire.
   rPois:     It protects you from poison.
   rCorr:     It protects you from acid and corrosion.
 t - the amulet of Brawling (around neck) {RegenMP rPois Dex+5}
   (You found it on level 2 of the Orcish Mines)

   [amulet of magic regeneration]

   It increases your rate of magic regeneration.
   Dex:       It affects your dexterity (+5).
   rPois:     It protects you from poison.
 C - a ring of positive energy
 K - a ring of wizardry
 L - a ring of willpower
 U - a ring of magical power
Wands
 x - a wand of digging (17)
 F - a wand of polymorph (8)
 G - a wand of mindburst (11)
 H - a wand of acid (13)
 Q - a wand of charming (25)
 R - a wand of paralysis (9)
 S - a wand of iceblast (10)
Scrolls
 c - 4 scrolls of fear
 e - 5 scrolls of immolation
 g - 3 scrolls of blinking
 i - 10 scrolls of teleportation
 k - 3 scrolls of magic mapping
 w - 7 scrolls of amnesia
 B - a scroll of summoning
 E - 4 scrolls of brand weapon
 I - 5 scrolls of enchant weapon
 P - a scroll of vulnerability
 V - 2 scrolls of enchant armour
 W - 4 scrolls of identify
Potions
 a - 5 potions of lignification
 b - 6 potions of curing
 h - a potion of berserk rage
 j - 2 potions of cancellation
 m - 3 potions of heal wounds
 p - 3 potions of flight
 s - 2 potions of haste
 u - 2 potions of brilliance
 z - 7 potions of mutation
 A - 2 potions of resistance
 M - a potion of magic
 N - 2 potions of invisibility
 O - 9 potions of ambrosia
 T - 4 potions of might


   Skills:
 - Level 1.7 Dodging
 - Level 8.8 Stealth
 - Level 4.0 Shields
 + Level 17.5 Spellcasting
 - Level 15.0 Conjurations
 - Level 2.0 Translocations
 - Level 2.0 Fire Magic
 - Level 15.0 Earth Magic


You had 11 spell levels left.
You knew the following spells:

 Your Spells              Type           Power      Damage    Failure   Level
a - Magic Dart            Conj           100%       1d8       0%          1
b - Searing Ray           Conj           100%       3d7       0%          2
c - Iskenderun's Mystic   Conj/Tloc      80%        2d16      1%          4
d - Iron Shot             Conj/Erth      62%        9d12      1%          6
e - Orb of Destruction    Conj           50%        9d15      1%          7
f - Petrify               Tmut/Erth      97%        N/A       1%          4
g - Statue Form           Tmut/Erth      64%        N/A       6%          6
r - Lee's Rapid Deconstr  Erth           62%        3d29*     1%          5
s - Fireball              Conj/Fire      40%        3d16      1%          5

Your spell library contained the following spells:

 Spells                   Type           Power      Damage    Failure   Level
 Sandblast                Erth           100%       2d20      0%          1
 Stone Arrow              Conj/Erth      100%       3d13      0%          3
 Animate Skeleton         Necr           70%        N/A       1%          1
 Apportation              Tloc           100%       N/A       1%          1
 Beastly Appendage        Tmut           70%        N/A       1%          1
 Corona                   Hex            38%        N/A       1%          1
 Pain                     Necr           100%       1d9       1%          1
 Summon Small Mammal      Summ           100%       N/A       1%          1
 Passwall                 Tmut/Erth      80%        N/A       1%          2
 Sublimation of Blood     Necr           17%        N/A       1%          2
 Wereblood                Tmut           35%        N/A       1%          2
 Conjure Flame            Conj/Fire      80%        6-21      1%          3
 Dazzling Flash           Conj/Hex       100%       N/A       1%          3
 Gell's Gravitas          Tloc           25%        N/A       1%          3
 Ignite Poison            Fire/Tmut/Pois 40%        N/A       1%          3
 Lesser Beckoning         Tloc           25%        N/A       1%          3
 Mephitic Cloud           Conj/Pois/Air  66%        N/A       1%          3
 Teleport Other           Tloc           50%        N/A       1%          3
 Animate Armour           Summ/Erth      100%       N/A       1%          4
 Fulminant Prism          Conj/Hex       38%        3d18      1%          4
 Leda's Liquefaction      Hex/Erth       48%        N/A       1%          4
 Sticky Flame             Conj/Fire      80%        2d9       1%          4
 Bolt of Magma            Conj/Fire/Erth 55%        4d22      1%          5
 Irradiate                Conj/Tmut      38%        3d26      1%          5
 Iskenderun's Battlesphe  Conj           100%       2d15      1%          5
 Ozocubu's Armour         Ice            35%        N/A       2%          3
 Spider Form              Tmut/Pois      17%        N/A       2%          3
 Summon Guardian Golem    Hex/Summ       35%        N/A       2%          3
 Tukima's Dance           Hex            35%        N/A       2%          3
 Vampiric Draining        Necr           17%        2d8       2%          3
 Passage of Golubria      Tloc           N/A        N/A       3%          4
 Conjure Ball Lightning   Conj/Air       38%        3x3d12    6%          6
 Summon Ice Beast         Ice/Summ       35%        N/A       9%          4
 Lehudib's Crystal Spear  Conj/Erth      62%        10d14     12%         8
 Metabolic Englaciation   Hex/Ice        17%        N/A       22%         5
 Yara's Violent Unravell  Hex/Tmut       17%        3d8       22%         5
 Spellforged Servitor     Conj/Summ      38%        N/A       32%         7
 Dispersal                Tloc           25%        N/A       50%         6
 Simulacrum               Ice/Necr       17%        N/A       77%         6
 Disjunction              Tloc           25%        N/A       100%        8
 Chain Lightning          Conj/Air       38%        3d50      100%        9


Dungeon Overview and Level Annotations

Branches:
Dungeon (15/15)            Temple (0/1) D:7            Lair (6/6) D:9
  Swamp (1/4) Lair:3       Spider (4/4) Lair:2        Slime (0/5) Lair:5
    Orc (2/2) D:9             Elf (0/3) Orc:2        Vaults (0/5) D:14
 Depths (0/5) D:15          IceCv (1/1)

Shops:
D:2 *   D:4 *   D:10 [   D:11 *   D:12 *[   Orc:1 [!   Orc:2 [:(!

Portals:
Abyss: Orc:1


Innate Abilities, Weirdness & Mutations

Your attributes grow dramatically as you level up.
You have an increased reservoir of magic. (+10% MP)
You shall have no god before yourself.


Message History

The blast of cold hits you!! You resist.
Okay, then.
Casting: Lee's Rapid Deconstruction (safe; 1% risk of failure)
Confirm with . or Enter, or press ? or * to list all spells.
Okay, then.
Casting: Lee's Rapid Deconstruction (safe; 1% risk of failure)
Confirm with . or Enter, or press ? or * to list all spells.
Okay, then.
Unknown command.
Casting: Lee's Rapid Deconstruction (safe; 1% risk of failure)
Confirm with . or Enter, or press ? or * to list all spells.
Aiming: Lee's Rapid Deconstruction (safe; 1% risk of failure)
Press: ? - help, Dir - move target An ice covered rock wall.
You feel a surge of power!
The wall shatters!
The blast of rock fragments hits something!
You hear some strange, mumbled words.
A shard of ice appears from out of thin air!
The shard of ice hits you!!! You partially resist.
* * * LOW HITPOINT WARNING * * *
Unknown command.
Unknown command.
You feel much better.
You hear a roar.
A blast of cold appears from out of thin air!
The blast of cold hits you. You resist.
* * * LOW HITPOINT WARNING * * *
You hear some strange, mumbled words.
A bolt of cold appears from out of thin air!
The bolt of cold misses you.
Casting: Lee's Rapid Deconstruction (safe; 1% risk of failure)
Confirm with . or Enter, or press ? or * to list all spells.
You can't see any susceptible monsters within range! (Use Z to cast anyway.) Unknown command.
Casting: Lee's Rapid Deconstruction (safe; 1% risk of failure)
Confirm with . or Enter, or press ? or * to list all spells.
You erupt in a blast of force!
The mystic blast hits something but does no damage.
Something hits you!!
You die...

.Z ##.d
#.. #..
#d##
#).##
#...#
#.{#####
##.#{@.##
#...#..#
#..##.##
##.#..#
###.###
#...##
###..##
##..##
##..#


There were no monsters in sight!

Vanquished Creatures
  A tentacled monstrosity (Orc:1)
  Rupert (Orc:2)
  Kirke (D:15)
  8 ghost moths
  2 orc warlords
  The ghost of 13raion the Severer, a journeyman MiBe of Trog (Orc:1)
  5 emperor scorpions
  Louise (D:15)
  A very ugly thing (Orc:1)
  An entropy weaver (Spider:3)
  5 spark wasps
  A bunyip (Swamp:1)
  3 white draconians (IceCv)
  An ettin (D:15)
  A fire dragon (Lair:6)
  2 great orbs of eyes
  Erolcha (Orc:2)
  2 ghost crabs (Swamp:1)
  A catoblepas (Lair:2)
  3 centaur warriors
  9 boulder beetles
  13 hydras
  A death knight (D:15)
  An alligator (Swamp:1)
  8 two-headed ogres
  A tengu warrior (D:15)
  4 orc high priests (Orc:2)
  Sonja (D:13)
  An iron troll (D:11)
  A goliath frog (Swamp:1)
  2 wizards (D:15)
  A swamp dragon (Swamp:1)
  3 deep trolls
  A bog body (Swamp:1)
  An orange crystal statue (IceCv)
  2 lindwurms
  4 orc knights
  Pikel (D:4)
  A lindwurm (shapeshifter) (D:14)
  The ghost of Gabide the Cudgeller, a novice HuMo (D:6)
  26 wolf spiders
  19 ugly things
  2 deep elf pyromancers
  5 orc sorcerers (Orc:2)
  20 orb spiders
  A cyclops (D:13)
  An oklob plant (Lair:2)
  A worldbinder (Orc:1)
  5 elephants
  Joseph (D:7)
  3 molten gargoyles (Lair:6)
  A moth of wrath (Spider:4)
  6 black mambas
  2 torpor snails
  2 gargoyles
  12 cane toads
  2 rime drakes
  2 unseen horrors
  4 storm dragon simulacra (IceCv)
  A yaktaur (D:15)
  3 golden dragon simulacra (IceCv)
  Psyche (D:8)
  2 ice devils (Orc:1)
  15 komodo dragons
  15 demonic crawlers
  A bloated husk (Swamp:1)
  A jumping spider (shapeshifter) (D:14)
  3 meliai (D:13)
  34 jumping spiders
  16 trolls
  4 polar bears
  4 tyrant leeches (Swamp:1)
  9 hornets
  A raiju (shapeshifter) (D:13)
  24 blink frogs
  Prince Ribbit (D:5)
  16 slime creatures
  4 dream sheep (Lair:4)
  9 spriggans
  A vampire (D:11)
  77 yaks
  A water elemental (D:11)
  A shadow (D:10)
  5 basilisks
  32 tarantellas
  A human (shapeshifter) (D:14)
  Grum (D:8)
  63 redbacks
  11 wyverns
  2 yaks (shapeshifter)
  A large abomination (Orc:1)
  A neqoxec (Abyss:3)
  4 hogs (D:15)
  2 steam dragons (Lair:6)
  13 vampire mosquitoes
  Edmund (D:6)
  4 acid dragons
  2 swamp worms (Swamp:1)
  3 wargs (Orc:2)
  3 hell hounds (Lair:6)
  14 water moccasins
  42 orc warriors
  5 ice beasts
  2 ice dragon simulacra (IceCv)
  5 black bears
  2 necrophages (D:6)
  16 ogres
  11 centaurs
  23 wolves
  2 lemures (D:4)
  2 phantoms (D:5)
  6 kobold brigands
  7 bullfrogs
  5 gnoll sergeants (D:9)
  3 scorpions
  A hornet simulacrum (D:6)
  8 killer bees (D:9)
  6 lindwurm simulacra (IceCv)
  6 electric eels
  3 wights (D:9)
  6 howler monkeys
  5 lava snakes (Lair:6)
  4 bullfrog zombies
  7 centaur zombies
  7 hounds
  A water moccasin simulacrum (D:6)
  2 centaur skeletons
  33 orc priests
  7 jellies
  3 iguanas
  20 orc wizards
  A killer bee zombie (D:7)
  4 gnolls
  A howler monkey skeleton (D:6)
  7 adders
  3 white imps (D:6)
  A howler monkey simulacrum (D:6)
  An ufetubus (D:5)
  An adder skeleton (D:4)
  2 dart slugs
  95 orcs
  3 ball pythons
  A bat (D:1)
  7 endoplasms
  A giant cockroach (D:3)
  8 hobgoblins
  3 jackals (D:2)
  20 kobolds
  2 quokkas
  4 frilled lizards
  8 goblins
  2 rats
  A butterfly (Lair:2)
1047 creatures vanquished.

Vanquished Creatures (others)
  An orc priest (Orc:2)
  A worm (D:3)
  A dart slug (D:3)
  A giant cockroach (D:3)
  A goblin (D:3)
  A hobgoblin (D:3)
  A kobold (D:3)
  2 rats (D:3)
  32 fungi
  72 plants
113 creatures vanquished.

Grand Total: 1160 creatures vanquished

Notes
Turn   | Place    | Note
-------+----------+-------------------------------------------
     0 | D:1      | McKennaii the Demigod Conjurer began the quest for the Orb.
     0 | D:1      | Reached XP level 1. HP: 14/14 MP: 5/5
   147 | D:1      | Reached skill level 2 in Spellcasting
   393 | D:1      | Reached XP level 2. HP: 20/20 MP: 6/8
   396 | D:1      | Learned a level 2 spell: Searing Ray
   898 | D:2      | Reached skill level 3 in Spellcasting
   920 | D:2      | Reached XP level 3. HP: 26/26 MP: 6/10
  1176 | D:2      | Found Fucumeu's General Store.
  1183 | D:2      | Bought a scroll of teleportation for 39 gold pieces
  1560 | D:3      | Noticed a +0 spear
  1562 | D:3      | Noticed a +0 short sword
  1562 | D:3      | Noticed a +0 dagger
  1562 | D:3      | Noticed a +0 dagger
  1563 | D:3      | Noticed a +0 short sword
  1563 | D:3      | Noticed a +0 falchion
  1563 | D:3      | Noticed a +0 spear
  1563 | D:3      | Noticed a +0 falchion
  1636 | D:3      | Reached XP level 4. HP: 33/33 MP: 0/12
  2041 | D:3      | Reached skill level 4 in Spellcasting
  2569 | D:4      | Learned a level 4 spell: Iskenderun's Mystic Blast
  2614 | D:4      | Found Cysuf's General Store.
  2620 | D:4      | Bought a potion of degeneration for 12 gold pieces
  2620 | D:4      | Bought a scroll of noise for 12 gold pieces
  2624 | D:4      | Noticed a lemure
  2624 | D:4      | Noticed a lemure
  2644 | D:4      | Killed a lemure
  2717 | D:4      | Noticed Pikel
  2718 | D:4      | Noticed a lemure
  2740 | D:4      | Killed a lemure
  2747 | D:4      | Killed Pikel
  2748 | D:4      | Reached skill level 6 in Spellcasting
  2748 | D:4      | Reached XP level 5. HP: 7/38 MP: 0/16
  2748 | D:4      | Reached XP level 6. HP: 8/45 MP: 0/18
  3204 | D:4      | Reached skill level 5 in Conjurations
  3204 | D:4      | Reached XP level 7. HP: 50/50 MP: 12/19
  3695 | D:5      | Entered Level 5 of the Dungeon
  3830 | D:5      | Noticed Prince Ribbit
  3838 | D:5      | Killed Prince Ribbit
  4133 | D:5      | Reached XP level 8. HP: 57/57 MP: 12/20
  5427 | D:6      | Noticed a two-headed ogre
  5444 | D:6      | Killed a two-headed ogre
  5445 | D:6      | Reached skill level 10 in Conjurations
  5562 | D:6      | Reached XP level 9. HP: 62/62 MP: 16/22
  5669 | D:6      | Reached skill level 7 in Spellcasting
  5831 | D:6      | Noticed Edmund
  5841 | D:6      | Killed Edmund
  5961 | D:6      | Found a runed translucent gate.
  5961 | D:6      | Found a runed translucent gate.
  5961 | D:6      | Found a runed translucent gate.
  6118 | D:6      | Noticed Gabide's ghost (novice HuMo)
  6538 | D:6      | Learned a level 5 spell: Bolt of Magma
  6554 | D:6      | Reached skill level 8 in Spellcasting
  6784 | D:7      | Found a staircase to the Ecumenical Temple.
  6792 | D:7      | Reached skill level 1 in Earth Magic
  7420 | D:7      | Noticed Joseph
  7439 | D:7      | Killed Joseph
  7984 | D:8      | Noticed Psyche
  7989 | D:8      | Killed Psyche
  8308 | D:8      | Reached XP level 10. HP: 69/69 MP: 21/27
  8491 | D:8      | Noticed Grum
  8497 | D:8      | Reached skill level 9 in Spellcasting
  8501 | D:8      | Killed Grum
  8847 | D:8      | Noticed a purple ugly thing
  8856 | D:8      | Killed a purple ugly thing
  9158 | D:8      | Identified the +7 halberd of Woag {antimagic, Will+ Str+2}
  9403 | D:9      | Found a staircase to the Orcish Mines.
  9411 | D:9      | Reached skill level 5 in Earth Magic
  9652 | D:8      | Reached skill level 10 in Spellcasting
  9658 | D:8      | Learned a level 5 spell: Lee's Rapid Deconstruction
  9663 | D:8      | Learned a level 4 spell: Petrify
  9670 | D:8      | Learned a level 6 spell: Statue Form
 10103 | D:9      | Found a staircase to the Lair.
 10597 | D:9      | Reached XP level 11. HP: 74/74 MP: 25/29
 11475 | D:6      | Killed Gabide's ghost
 11628 | D:10     | Entered Level 10 of the Dungeon
 11820 | D:10     | Found Ker Qipourch's Antique Armour Emporium.
 11839 | D:10     | Bought a pair of embroidered gloves for 225 gold pieces
 11855 | D:10     | Found a transporter.
 11857 | D:10     | Found a transporter.
 11858 | D:10     | Noticed a boulder beetle
 12309 | D:11     | Noticed a boulder beetle
 12348 | Lair:1   | Entered Level 1 of the Lair of Beasts
 12435 | Lair:1   | Reached skill level 10 in Earth Magic
 12770 | Lair:1   | Reached skill level 1 in Translocations
 12770 | Lair:1   | Reached skill level 1 in Fire Magic
 12854 | Lair:1   | Noticed a seven-headed hydra
 12863 | Lair:1   | Killed a seven-headed hydra
 13203 | Lair:1   | Noticed a five-headed hydra
 13210 | Lair:1   | Killed a five-headed hydra
 13835 | Lair:2   | Noticed a catoblepas
 14216 | Lair:2   | Reached XP level 12. HP: 79/81 MP: 25/30
 14250 | Lair:2   | Noticed a six-headed hydra
 14364 | Lair:2   | Killed a six-headed hydra
 14622 | Lair:2   | Identified the +3 flail of Corporal Punishment {vamp, rPois
                  | Str+4}
 14839 | Lair:2   | Found a hole to the Spider Nest.
 14988 | Lair:2   | Killed a catoblepas
 15780 | Lair:3   | Noticed a seven-headed hydra
 15789 | Lair:3   | Killed a seven-headed hydra
 16138 | Lair:3   | Found a staircase to the Swamp.
 16754 | Lair:3   | Noticed an eight-headed hydra
 16801 | Lair:3   | Killed an eight-headed hydra
 17592 | Lair:4   | Reached XP level 13. HP: 86/86 MP: 23/32
 18136 | Lair:4   | Reached skill level 11 in Spellcasting
 19361 | Lair:5   | Found a runed translucent door.
 19386 | Lair:5   | Found a staircase to the Slime Pits.
 19782 | Lair:6   | Entered Level 6 of the Lair of Beasts
 20215 | Lair:6   | Reached skill level 12 in Spellcasting
 22252 | Lair:6   | Reached XP level 14. HP: 93/93 MP: 29/35
 22467 | Lair:6   | Found a large runed translucent door.
 22467 | Lair:6   | Found a large runed translucent door.
 22879 | Lair:6   | Got the Tome of the Dusty Arsonist
 22960 | Lair:6   | Learned a level 7 spell: Orb of Destruction
 23933 | D:11     | Reached skill level 15 in Earth Magic
 24684 | D:11     | Found Momp's General Store.
 24691 | D:11     | Bought a potion of curing for 54 gold pieces
 24691 | D:11     | Bought a scroll of teleportation for 54 gold pieces
 24691 | D:11     | Bought 3 scrolls of identify for 108 gold pieces
 24691 | D:11     | Bought a scroll of amnesia for 63 gold pieces
 24703 | D:11     | Learned a level 6 spell: Iron Shot
 25095 | D:12     | Found Zirphi's Elemental Accessories.
 25629 | D:12     | Found Ref Faj's Antique Armour Shop.
 25656 | D:12     | Bought a pair of runed gloves for 217 gold pieces
 26431 | D:13     | Noticed Sonja
 26432 | D:13     | Killed Sonja
 27946 | D:14     | Found a gate to the Vaults.
 28119 | D:15     | Entered Level 15 of the Dungeon
 28245 | D:15     | Paralysed by a great orb of eyes for 7 turns
 28637 | D:15     | Noticed Kirke
 28653 | D:15     | Killed Kirke
 28680 | D:15     | Identified the +7 dire flail of the Girdle {speed, +Blink
                  | rElec Str+4 Stlth-}
 28844 | D:15     | Reached skill level 13 in Spellcasting
 29068 | D:15     | Reached XP level 15. HP: 45/99 MP: 0/37
 29279 | D:15     | Noticed Louise
 29287 | D:15     | Cast into level 3 of the Abyss (Louise)
 29333 | D:15     | Escaped the Abyss
 29340 | D:15     | Killed Louise
 29752 | D:15     | Found a staircase to the Depths.
 29872 | D:15     | Reached skill level 5 in Stealth
 30624 | Orc:1    | Entered Level 1 of the Orcish Mines
 30903 | Orc:1    | Learned a level 5 spell: Fireball
 31006 | Orc:1    | Noticed 13raion's ghost (journeyman MiBe)
 31011 | Orc:1    | Found a transporter.
 31022 | Orc:1    | Found a one-way gate to the infinite horrors of the Abyss.
 31022 | Orc:1    | Found a transporter.
 31048 | Orc:1    | Noticed a tentacled monstrosity
 31075 | Orc:1    | Found Zinetig's Distillery.
 31082 | Orc:1    | Bought a potion of curing for 51 gold pieces
 31082 | Orc:1    | Bought a potion of might for 68 gold pieces
 31082 | Orc:1    | Bought a potion of resistance for 170 gold pieces
 31096 | Orc:1    | Found Ybunkuva's Antique Armour Shop.
 31286 | Orc:2    | Entered Level 2 of the Orcish Mines
 31508 | Orc:2    | Noticed Erolcha
 31516 | Orc:2    | Killed Erolcha
 31741 | Orc:2    | Found Bewot's Armour Emporium.
 31827 | Orc:2    | Found Zeto Keu's Book Shoppe.
 33030 | Orc:2    | Found a staircase to the Elven Halls.
 33165 | Orc:2    | Identified the amulet of Brawling {RegenMP rPois Dex+5}
 33627 | Orc:2    | Noticed Rupert
 33631 | Orc:2    | Killed Rupert
 33632 | Orc:2    | Reached skill level 1 in Shields
 34759 | Orc:2    | Found Taowk's Distillery.
 34767 | Orc:2    | Bought a potion of magic for 120 gold pieces
 34767 | Orc:2    | Bought a potion of ambrosia for 120 gold pieces
 34767 | Orc:2    | Bought a potion of berserk rage for 75 gold pieces
 34767 | Orc:2    | Bought 2 potions of mutation for 240 gold pieces
 34881 | Orc:2    | Found Neelugh's Weapon Shop.
 35237 | Orc:1    | Killed a tentacled monstrosity
 35477 | Orc:1    | Identified a scroll of acquirement
 35513 | Orc:1    | Killed 13raion's ghost
 35680 | Orc:1    | Acquired Pinot's Almanac of Freezing Combat Magic
 35950 | Spider:1 | Entered Level 1 of the Spider Nest
 36381 | Spider:1 | Reached skill level 15 in Conjurations
 36381 | Spider:1 | Reached XP level 16. HP: 105/105 MP: 8/39
 37585 | Spider:2 | Reached skill level 14 in Spellcasting
 40211 | Spider:3 | Reached skill level 15 in Spellcasting
 42499 | Spider:4 | Entered Level 4 of the Spider Nest
 43210 | Spider:3 | Acquired the ring of Kuenej {rPois rF+ rCorr}
 43260 | Spider:4 | Reached skill level 16 in Spellcasting
 44461 | Spider:4 | Reached XP level 17. HP: 104/111 MP: 31/43
 45058 | Spider:4 | Reached skill level 17 in Spellcasting
 45416 | Spider:4 | Got a gossamer rune of Zot
 45724 | Swamp:1  | Entered Level 1 of the Swamp
 46108 | Swamp:1  | Found a frozen archway.
 46165 | IceCv    | Entered an ice cave
 46551 | IceCv    | HP: 5/111 [something/shard of ice (37)]
 46553 | IceCv    | Mangled by a white draconian knight

Illustrated notes

Levels and vault maps discovered:
D:1:      lightli_molten_gateway, layout_loops_ring
D:2:      layout_basic, serial_shops, nicolae_shop_statue_plus
D:3:      layout_loops_ring, grunt_temple_overflow_opulence,
          xom_confusion_cloud, nicolae_uskayaw_en_pointe,
          gammafunk_temple_overflow_claw
D:4:      layout_basic, serial_shops, nicolae_shop_crystal, abandoned_shop,
          minmay_splitting_lines, uniq_pikel
D:5:      cheibrodos_thug_alley, layout_loops_corners,
          nicolae_sif_muna_condensation, uniq_prince_ribbit1
D:6:      layout_basic, gammafunk_ghost_icy, grunt_ministairs_11, corexii_shack,
          minmay_pentangle, uniq_edmund
D:7:      layout_basic, makhleb_heckhound_becter, minmay_temple_entry_grid,
          grunt_ogre_cave, uniq_joseph
D:8:      layout_basic, kennysheep_just_a_vault, uniq_psyche, uniq_grum
D:9:      layout_basic, minmay_lair_entry_grove,
          kennysheep_orc_monster_closet_entryway
D:10:     gammafunk_boulding_lane, layout_grid_maze, serial_shops,
          nicolae_square_shop
D:11:     lemuel_troll_bridge, layout_basic, serial_shops, nicolae_shop_crystal
D:12:     layout_basic, serial_shops, shop, nicolae_elemental_shop
D:13:     layout_rooms, elyvilon_altar_1, uniq_sonja
D:14:     minmay_weird_star, layout_cave_pools, david_vaults_2, minivault_26
D:15:     hangedman_depths_entry_civil_slaughter, layout_irregular_city,
          chequers_serial_rivers_small_3, uniq_kirke, uniq_louise
Lair:1:   layout_regular_city, wad_woods_road_06, grunt_megastairs_3
Lair:2:   layout_regular_city, spider_nest_entry_funnel_web,
          minmay_lair_oklob_bushes, lemuel_fruit_fields
Lair:3:   layout_hall_layers, swamp_mist, forest_entry_grove
Lair:4:   layout_loops_ring, wad_woods_01
Lair:5:   layout_big_grid, slime_altar_2, lemuel_fruit_tree, grunt_megastairs_4
Lair:6:   cheibrodos_lair_end_hotspot, layout_gridlike, st_stairs_12
Swamp:1:  layout_falls_marsh, portal_ice_cave_entry_pillars_1,
          evilmike_swamp_ruin_house_3, swamp_pool3
Spider:1: layout_spider_delve, nicolae_spider_circle_web
Spider:2: layout_chambers, nicolae_spider_checkerboard
Spider:3: layout_spider_delve, nicolae_spider_bug_shape
Spider:4: grunt_spider_rune_parallel
Orc:1:    layout_diamond_mine, serial_shops, nicolae_shop_behind_doors, shop,
          gammafunk_ghost_abyssal_escape
Orc:2:    pubby_orc_utopia, uniq_erolcha, uniq_rupert
IceCv:    ice_cave_small_dragons

Skill      XL: |  1  2  3  4  5  6  7  8  9 10 11 12 13 14 15 16 17 |
---------------+----------------------------------------------------+-----
Spellcasting   | 2 3 6 8 10 12 13 16 17 | 17.5
Conjurations   | 4 5 7 10 11 12 14 15 | 15.0
Earth Magic    | 3 7 10 12 14 15 | 15.0
Translocations | 2 |  2.0
Fire Magic     | 2 |  2.0
Stealth        | 8 |  8.8
Shields        | 4 |  4.0
Dodging        | |  1.7

Action                   |  1- 3 |  4- 6 |  7- 9 | 10-12 | 13-15 | 16-18 || total
-------------------------+-------+-------+-------+-------+-------+-------++-------
Melee: Unarmed           |       |    28 |       |       |       |       ||    28
       Flail             |       |       |       |    17 |       |       ||    17
       Morningstar       |       |       |       |       |     4 |       ||     4
       Staff             |       |       |       |       |    15 |     5 ||    20
 Cast: Magic Dart        |    65 |    48 |   144 |   173 |   541 |    23 ||   994
       Searing Ray       |       |     5 |    59 |   150 |   122 |     9 ||   345
       Iskenderun's Myst |       |       |     8 |    59 |   144 |    54 ||   265
       Bolt of Magma     |       |       |       |    13 |    50 |       ||    63
       Lee's Rapid Decon |       |       |       |     7 |    33 |    16 ||    56
       Petrify           |       |       |       |     5 |    16 |     2 ||    23
       Statue Form       |       |       |       |       |     1 |       ||     1
       Iron Shot         |       |       |       |       |   215 |   263 ||   478
       Orb of Destructio |       |       |       |       |    14 |    33 ||    47
Evoke: Wand              |       |       |       |     3 |     4 |     7 ||    14
  Use: Potion            |       |       |     1 |     1 |     7 |     7 ||    16
       Scroll            |       |       |       |    10 |    11 |     9 ||    30
 Stab: Petrified         |       |       |       |       |     1 |       ||     1
Armor: Robe              |     1 |    10 |    18 |    64 |    22 |       ||   115
       Skin              |       |       |       |       |     8 |       ||     8
       Steam dragon scal |       |       |       |       |    68 |    69 ||   137
Dodge: Dodged            |     7 |    32 |    34 |   149 |   165 |    76 ||   463
Block: Buckler           |       |       |       |       |     6 |    41 ||    47
